 Dungeon Crawl Stone Soup version 0.25-a0-41-g6cf4ce537d (webtiles) character file.

Game seed: 11940509412445241845, levelgen mode: deterministic

4547 Fingolfin the Chiller (level 9, -2/75 HPs)
             Began as a Demigod Ice Elementalist on Oct 21, 2019.
             Slain by an unseen horror (3 damage)
             ... on level 10 of the Dungeon.
             The game lasted 00:36:15 (10950 turns).

Fingolfin the Chiller (Demigod Ice Elementalist)   Turns: 10950, Time: 00:36:15

Health: -2/75      AC:  8    Str: 11    XL:     9   Next: 97%
Magic:  20/29      EV: 14    Int: 28    God:
Gold:   717        SH:  0    Dex: 16    Spells: 7/18 levels left

rFire    x . .     SeeInvis .   C - +8 mace of Deformation {crush, Int+3 Stlth+}
rCold    + . .     Gourm    .   (no shield)
rNeg     + . .     Faith    .   x - +1 leather armour {rN+}
rPois    .         Spirit   .   u - +0 helmet
rElec    .         Reflect  .   t - +0 cloak
rCorr    .         Harm     .   (no gloves)
MR       .....                  b - +0 pair of boots
Stlth    +++.......             (no amulet)
HPRegen  0.22/turn              q - ring of magical power
MPRegen  0.21/turn              A - ring of ice

@: no status effects
A: high mp 1
a: no special abilities


You were on level 10 of the Dungeon.
You were very hungry.

You visited 1 branch of the dungeon, and saw 10 of its levels.
You also visited: Ossuary.

You collected 717 gold pieces.

Inventory:

Hand Weapons
 C - the +8 mace of Deformation (weapon) {crush, Int+3 Stlth+}
   (You found it on level 9 of the Dungeon)

   It inflicts extra damage upon your enemies.
   It affects your intelligence (+3).
   It makes you more stealthy.
Armour
 b - a +0 pair of boots (worn)
 t - a +0 cloak (worn)
 u - a +0 helmet (worn)
 x - a +1 leather armour of positive energy (worn)
Jewellery
 e - an uncursed ring of positive energy
 f - an uncursed ring of positive energy
 q - a ring of magical power (left hand)
 A - a ring of ice (right hand)
 G - a +5 ring of evasion
Wands
 a - a wand of disintegration (14)
 w - a wand of digging (2)
 D - a wand of flame (14)
 E - a wand of acid (12)
Scrolls
 c - 2 scrolls of remove curse
 g - 5 scrolls of magic mapping
 h - 3 scrolls of amnesia
 k - 4 scrolls of fog
 l - a scroll of silence {unknown}
 m - 2 scrolls of enchant armour
 s - 2 scrolls of blinking
 v - 2 scrolls of immolation
 y - 3 scrolls of enchant weapon
Potions
 i - 8 potions of curing
 j - a potion of flight {unknown}
 n - 2 potions of might
 o - 2 potions of ambrosia
 p - 2 potions of agility
 r - 4 potions of haste {unknown}
 z - 2 potions of magic {unknown}
 B - 2 potions of lignification {unknown}
 F - a potion of invisibility {unknown}
 H - a potion of berserk rage {unknown}
 I - a potion of degeneration {unknown}
 L - a potion of heal wounds {unknown}
Comestibles
 d - 17 rations


   Skills:
 - Level 6.2 Fighting
 - Level 4.0 Armour
 - Level 4.0 Dodging
 - Level 1.7 Stealth
 + Level 5.4 Spellcasting
 - Level 3.0 Conjurations
 - Level 6.2 Summonings
 - Level 6.2 Ice Magic


You had 7 spell levels left.
You knew the following spells:

 Your Spells              Type           Power        Failure   Level  Hunger
a - Freeze                Ice            ####         1%          1    None
b - Throw Frost           Conj/Ice       ######       1%          2    None
c - Throw Icicle          Conj/Ice       ######..     12%         4    ###....
d - Summon Ice Beast      Ice/Summ       ######..     6%          4    ###....

Your spell library contained the following spells:

 Spells                   Type           Power        Failure   Level  Hunger
 Magic Dart               Conj           ###.         2%          1    None
 Searing Ray              Conj           ###...       3%          2    None
 Ozocubu's Armour         Chrm/Ice       #####...     7%          3    None
 Dazzling Spray           Conj/Hex       ###...       13%         3    None
 Iskenderun's Mystic Bla  Conj           ###.....     24%         4    ###....
 Force Lance              Conj/Tloc      ###.....     41%         4    ###....
 Fulminant Prism          Conj/Hex       ###.......   41%         4    ###....


Dungeon Overview and Level Annotations

Branches:
Dungeon (10/15)            Temple (0/1) D:6            Lair (0/6) D:9
Ossuary (visited)
    Orc: D:9-12


Innate Abilities, Weirdness & Mutations

You have an increased reservoir of magic. (+10% MP)


Message History

You feel a surge of power!
You freeze something!
Something hits you but does no damage. x2
Casting: Freeze (safe; 1% risk of failure)
Confirm with . or Enter, or press ? or * to list all spells.
Aiming: Freeze (safe; 1% risk of failure)
Press: ? - help, Shift-Dir - straight line You feel a surge of power!
You freeze something. Something hits you.
* * * LOW HITPOINT WARNING * * *
Evoke which item? (* to show all) (? for menu, Esc to quit)
Okay, then.
Unknown command.
Something hits you.
* * * LOW HITPOINT WARNING * * *
Evoke which item? (* to show all) (? for menu, Esc to quit)
Aiming: Disintegrate
Press: ? - help, Shift-Dir - straight line, f - you Nothing appears to happen.
Something hits you.
* * * LOW HITPOINT WARNING * * *
Something hits you.
You die...

.......<# #.#####.#.# #.#
#.........# #.# .###.
.#######...# #.# .....
.........###.#.# ....#
#######.......#.# ....#
#.#.####.....#.#######.#
....# #............#.# #.#
...
###.####.(...#@#######.###.#
#.......†...........#..#
#.......................
####....................
#....................
#.##.........###.....
#.#...........<#.####
#.#.############.# #.#. .#


There were no monsters in sight!

Vanquished Creatures
  Prince Ribbit (D:8)
  Eustachio (D:6)
  A black bear (D:9)
  An ice beast (D:5)
  2 centaurs
  7 bullfrogs
  A scorpion (D:8)
  2 water moccasin skeletons
  A howler monkey (D:5)
  2 crimson imps
  2 centaur zombies (Ossuary)
  A bullfrog zombie (D:5)
  A human zombie (Ossuary)
  A hound (D:5)
  Crazy Yiuf (D:2)
  An orc priest (D:8)
  3 orc wizards
  Jessica (D:3)
  Natasha (thrice) (D:3)
  An iguana (D:7)
  3 worker ants
  A hound zombie (D:9)
  6 adders
  2 shadow imps
  3 oozes
  4 adder zombies
  2 dart slugs
  A leopard gecko (D:3)
  12 orcs
  7 giant cockroaches
  10 goblins
  4 hobgoblins
  17 jackals
  6 kobolds
  8 quokkas
  2 ball pythons
  7 bats
  8 frilled lizards
  2 goblin zombies (Ossuary)
  3 jackal zombies (Ossuary)
  3 kobold zombies (Ossuary)
  2 orc zombies (Ossuary)
  3 quokka zombies
  14 rats
  3 rat zombies
167 creatures vanquished.

Vanquished Creatures (collateral kills)
  Erolcha (D:9)
  A merfolk (D:9)
  Grinder (D:6)
  A hornet (D:10)
  A hippogriff (D:8)
  5 yaks (D:9)
  A water moccasin (D:5)
  2 ice beasts (D:8)
  An orc warrior (D:7)
  2 sky beasts
  An ogre (D:7)
  A black bear (D:7)
  A phantom (D:7)
  2 elf zombies (Ossuary)
  A big kobold (D:8)
  4 bullfrogs
  2 scorpions
  5 killer bees (D:9)
  3 wights (D:7)
  A crimson imp (D:10)
  A centaur zombie (Ossuary)
  5 hounds
  3 orc wizards
  A bullfrog skeleton (D:6)
  4 orc priests
  3 worker ants
  A hound zombie (Ossuary)
  A hound skeleton (D:6)
  3 mummies (Ossuary)
  3 gnolls (D:6)
  An adder (D:10)
  An adder zombie (Ossuary)
  A leopard gecko (D:8)
  9 orcs
  3 jackals
  6 kobolds (D:8)
  A gnoll zombie (Ossuary)
  2 goblin zombies (Ossuary)
  A hobgoblin zombie (Ossuary)
  3 jackal zombies
  A kobold zombie (Ossuary)
  3 quokka zombies (Ossuary)
  A rat zombie (Ossuary)
95 creatures vanquished.

Grand Total: 262 creatures vanquished

Notes
Turn   | Place    | Note
-------+----------+-------------------------------------------
     0 | D:1      | Fingolfin the Demigod Ice Elementalist began the quest for
                  | the Orb.
     0 | D:1      | Reached XP level 1. HP: 14/14 MP: 5/5
   267 | D:1      | Reached XP level 2. HP: 20/20 MP: 5/7
   277 | D:1      | Learned a level 2 spell: Throw Frost
  1066 | D:2      | Reached XP level 3. HP: 26/26 MP: 2/8
  1339 | D:2      | Found an iron altar of Okawaru.
  1339 | D:2      | Found an ornate altar of the Wu Jian Council.
  1465 | D:2      | Found an ancient bone altar of Kikubaaqudgha.
  1466 | D:2      | Found a snail-covered altar of Cheibriados.
  1468 | D:2      | Found a glowing silver altar of Zin.
  1470 | D:2      | Found a basalt altar of Yredelemnul.
  1473 | D:2      | Found a hide-covered altar of Uskayaw.
  1549 | D:2      | Reached XP level 4. HP: 30/33 MP: 7/10
  1556 | D:2      | Learned a level 4 spell: Summon Ice Beast
  1680 | D:2      | Found a sparkling altar of Nemelex Xobeh.
  1807 | D:2      | Reached skill level 1 in Summonings
  1950 | D:2      | Found a runed translucent door.
  1951 | D:2      | Noticed Crazy Yiuf
  1958 | D:2      | Killed Crazy Yiuf
  2250 | D:3      | Noticed Jessica
  2253 | D:3      | Killed Jessica
  2283 | D:3      | Reached XP level 5. HP: 38/38 MP: 10/11
  2459 | D:3      | Noticed Natasha
  2513 | D:3      | Killed Natasha
  2622 | D:3      | Noticed Natasha
  2625 | D:3      | Killed Natasha
  3275 | D:3      | Noticed Natasha
  3282 | D:3      | Killed Natasha
  3612 | D:4      | Found a stormy altar of Qazlal.
  3867 | D:5      | Entered Level 5 of the Dungeon
  3874 | D:5      | Reached XP level 6. HP: 40/45 MP: 13/13
  4624 | D:5      | Reached skill level 5 in Summonings
  4624 | D:5      | Reached skill level 5 in Ice Magic
  4624 | D:5      | Reached XP level 7. HP: 25/50 MP: 6/14
  4780 | D:5      | Learned a level 4 spell: Throw Icicle
  4815 | D:5      | Reached skill level 1 in Conjurations
  4969 | D:5      | Found a radiant altar of Vehumet.
  5122 | D:6      | Noticed Eustachio
  5519 | D:6      | Found a staircase to the Ecumenical Temple.
  6020 | D:6      | Killed Eustachio
  6249 | D:6      | Noticed Grinder
  6255 | D:6      | Paralysed by Grinder for 2 turns
  6256 | D:6      | Killed Grinder
  6256 | D:6      | Reached XP level 8. HP: 41/57 MP: 12/15
  6649 | D:7      | Reached skill level 1 in Fighting
  7600 | D:7      | Reached skill level 5 in Fighting
  8023 | D:8      | Noticed Prince Ribbit
  8034 | D:8      | Killed Prince Ribbit
  8034 | D:8      | Reached XP level 9. HP: 5/75 MP: 16/16
  8187 | D:8      | Found a sand-covered staircase.
  8195 | Ossuary  | Entered an ossuary
  8562 | Ossuary  | Reached skill level 1 in Armour
  9881 | D:9      | Found a staircase to the Lair.
 10035 | D:9      | Got a transparent mace
 10036 | D:9      | Identified the +8 mace of Deformation {crush, Int+3 Stlth+}
                  | (You found it on level 9 of the Dungeon)
 10213 | D:9      | Noticed Erolcha
 10252 | D:9      | Killed Erolcha
 10499 | D:9      | Reached skill level 5 in Spellcasting
 10869 | D:10     | Entered Level 10 of the Dungeon
 10950 | D:10     | HP: 1/75 [something (5)]
 10950 | D:10     | Slain by an unseen horror

Levels and vault maps discovered:
D:1:      sevenhm_arrival_forest_fort_small_4, layout_loops_ring
D:2:      layout_rooms, minitemple, nemelex_xobeh_ov_fountains_minmay,
          uniq_crazy_yiuf_cottage
D:3:      layout_basic, uniq_natasha, uniq_jessica
D:4:      layout_basic, nicolae_qazlal_eye_of_the_storm
D:5:      layout_rooms, marbit_many_paths, first_ration,
          kennysheep_generic_room_13
D:6:      layout_cave_pools, minmay_temple_entry_stoned_glass, minivault_23,
          small_statue_intersection, serial_bayou_crossing, uniq_eustachio,
          uniq_grinder
D:7:      layout_rooms
D:8:      layout_gridville, enter_ossuary_4, uniq_prince_ribbit1
D:9:      layout_rooms, dpeg_oklobed_lair, hangedman_fish_farm,
          ebering_dispersal_statue_hall, eino_jars, uniq_erolcha
D:10:     minmay_the_grid_four_pointed_star_mashed
          [minmay_the_grid_triangle_9x9_steps,
          minmay_the_grid_triangle_9x9_impossible_snake,
          minmay_the_grid_triangle_9x9_tough_junction,
          minmay_the_grid_triangle_9x9_wacky_v,
          minmay_the_grid_prize_four_corners], layout_basic, orc_david_3,
          elyvilon_altar_4, uniq_psyche

Skill      XL: |  1  2  3  4  5  6  7  8  9 |
---------------+----------------------------+-----
Ice Magic      | 3 4 5 6 |  6.2
Spellcasting   | 2 3 5 |  5.4
Summonings     | 2 4 5 6 |  6.2
Conjurations   | 3 |  3.0
Fighting       | 6 |  6.2
Dodging        | 4 |  4.0
Armour         | 4 |  4.0
Stealth        | |  1.7

Action                   |  1- 3 |  4- 6 |  7- 9 || total
-------------------------+-------+-------+-------++-------
Melee: Whip              |     5 |       |       ||     5
       Spear             |    34 |     9 |       ||    43
       Quarterstaff      |       |    44 |   217 ||   261
       Mace              |       |       |    13 ||    13
 Cast: Freeze            |    53 |    70 |    32 ||   155
       Throw Frost       |     1 |    28 |     6 ||    35
       Summon Ice Beast  |       |     3 |    97 ||   100
Evoke: Wand              |       |       |     1 ||     1
  Use: Scroll            |       |     6 |    10 ||    16
       Potion            |       |       |     2 ||     2
 Stab: Sleeping          |     4 |     4 |       ||     8
       Distracted        |       |     1 |     3 ||     4
  Eat: Chunk             |     3 |    11 |    24 ||    38
       Ration            |       |       |     4 ||     4
Armor: Robe              |    12 |    20 |     9 ||    41
       Leather armour    |       |       |   120 ||   120
Dodge: Dodged            |    36 |    54 |   270 ||   360

Table legend:
 A = Non-vault XP
 B = Vault XP
 C = Vault XP percentage of total XP
 D = Non-vault monster count
 E = Vault monster count
 F = Vault count percentage of total count
                 A         B        C        D         E       F
            +---------+---------+-------+---------+---------+-------
      Total |    4402 |    2094 |  32.2 |     206 |      56 |  21.4
            +---------+---------+-------+---------+---------+-------
        D:1 |      41 |       0 |   0.0 |      23 |       0 |   0.0
        D:2 |     101 |      41 |  28.9 |      31 |       1 |   3.1
        D:3 |     185 |      73 |  28.3 |      27 |       2 |   6.9
        D:4 |       2 |       0 |   0.0 |       1 |       0 |   0.0
        D:5 |     524 |      95 |  15.3 |      21 |       2 |   8.7
        D:6 |     534 |     332 |  38.3 |      24 |       2 |   7.7
        D:7 |     954 |       0 |   0.0 |      26 |       0 |   0.0
        D:8 |     886 |     285 |  24.3 |      36 |       3 |   7.7
        D:9 |     988 |     915 |  48.1 |      14 |       7 |  33.3
       D:10 |     187 |       0 |   0.0 |       3 |       0 |   0.0
    Ossuary |       0 |     353 | 100.0 |       0 |      39 | 100.0
            +---------+---------+-------+---------+---------+-------
